 Dungeon Crawl Stone Soup version 0.28.0-53-g5a82cb258f (webtiles) character file.

Game seed: 7895334140226769585

23592 Gabide the Markself (level 12, -7/81 HPs)
             Began as a Deep Elf Hunter on June 16, 2022.
             Was a Plaything of Xom.
             Engulfed by an ice statue's freezing vapour (23 damage)
             ... in an ice cave on June 17, 2022.
             The game lasted 00:49:17 (17757 turns).

Gabide the Markself (Deep Elf Hunter)              Turns: 17757, Time: 00:49:18

Health: -7/81      AC: 11    Str: 17    XL:     12   Next: 73%
Magic:  0/14       EV: 19    Int: 20    God:    Xom [..*...]
Gold:   534        SH:  0    Dex: 21    Spells: 11/11 levels left

rFire   . . .      SeeInvis .   a - +3 shortbow (venom)
rCold   . . .      Faith    .   (shield currently unavailable)
rNeg    + . .      Spirit   +   j - +0 acid dragon scales
rPois   +          Reflect  .   n - +0 hat
rElec   .          Harm     .   k - +0 cloak
rCorr   +          Rampage  .   z - +0 pair of gloves
Will    +....                   O - +2 pair of boots
Stlth   ++........              x - amulet of guardian spirit
HPRegen 0.23/turn               D - ring "Cire" {rPois rN+ Dex+4}
MPRegen 0.14/turn               c - +6 ring of strength

@: unable to read
A: talons 1, clever 1, deterioration 1, inability to read while threatened
a: Renounce Religion


You were in an ice cave.
You worshipped Xom.
You were a toy of Xom.
You visited 3 branches of the dungeon, and saw 16 of its levels.
You also visited: Ice Cave.

You collected 729 gold pieces.
You spent 195 gold pieces at shops.

Inventory:

Hand Weapons
 a - a +3 shortbow of venom (weapon)
 b - a +2 shortbow of freezing
 B - a +4 dagger
Missiles
 d - 75 arrows (quivered ammo)
 y - 3 throwing nets
 A - 9 curare-tipped darts
Armour
 j - +0 acid dragon scales (worn)
 k - a +0 cloak (worn)
 n - a +0 hat (worn)
 z - a +0 pair of gloves (worn)
 O - a +2 pair of boots (worn)
Magical Staves
 S - a staff of cold
Jewellery
 c - a +6 ring of strength (right hand)
 x - an amulet of guardian spirit (around neck)
 C - a ring of positive energy
 D - the ring "Cire" (left hand) {rPois rN+ Dex+4}
   (You took it off a kobold on level 6 of the Dungeon)

   [ring of poison resistance]

   Dex:       It affects your dexterity (+4).
   rPois:     It protects you from poison.
   rN:        It protects you from negative energy.
 G - a ring of fire
 J - a +4 ring of protection
 M - a ring of ice
 T - an amulet of the acrobat
 V - a +4 ring of protection
Wands
 g - a wand of polymorph (10)
 E - a wand of flame (40)
 F - a wand of iceblast (15)
 N - a wand of acid (2)
Scrolls
 h - a scroll of acquirement {unknown}
 i - a scroll of brand weapon
 m - a scroll of holy word
 p - a scroll of enchant armour {unknown}
 r - a scroll of immolation
 t - a scroll of fog {unknown}
 v - a scroll of noise {unknown}
 H - a scroll of silence
 I - 2 scrolls of fear
 P - a scroll of magic mapping
Potions
 f - 3 potions of curing
 l - a potion of brilliance
 o - 2 potions of cancellation
 q - 6 potions of attraction
 s - a potion of haste
 u - 2 potions of flight
 w - a potion of magic {unknown}
 K - 2 potions of might {unknown}
 L - a potion of berserk rage {unknown}
 U - a potion of heal wounds


   Skills:
 + Level 11.8 Fighting
 + Level 18.3 Bows
 + Level 11.4 Dodging
 - Level 1.2 Stealth


You had 11 spell levels left.
You didn't know any spells.
Your spell library was empty.

Dungeon Overview and Level Annotations

Branches:
Dungeon (11/15)            Temple (1/1) D:6            Lair (4/6) D:11
  Snake (0/4) Lair:4          Orc (0/2) D:11          IceCv (1/1)
  Swamp: Lair:2-4    Shoals: Lair:2-4

Altars:
Ashenzari
Cheibriados
Dithmenos
Elyvilon
Fedhas
Gozag
Hepliaklqana
Kikubaaqudgha
Makhleb
Nemelex Xobeh
Okawaru
Qazlal
Ru
Sif Muna
Trog
Uskayaw
Vehumet
Wu Jian
Xom
Yredelemnul
Zin
The Shining One

Shops:
D:2 (   D:4 !   D:10 (

Annotations:
D:3 1 runed translucent door, Crazy Yiuf IceCv exclusion: 3 ice statues


Innate Abilities, Weirdness & Mutations

You have sharp toenails.
Your mind is acute. (Int +2)
Your body sometimes deteriorates upon taking damage.
You sometimes lose the ability to read scrolls when taking damage.


Message History

As you read the scroll labelled DEIHAA SAASI, it crumbles to dust.
Wisps of shadow whirl around you...
It was a scroll of summoning.
Really walk into a travel-excluded area?
The ice statue gestures.
You see here an arrow.
What are your orders? t - Shout!
Orders for allies: a - Attack new target. r - Retreat! s - Stop attacking. g - Guard the area. f - Follow me.
Anything else - Cancel.
Gang up on whom?
Press: ? - help, Dir - move target, f - ice statue
Aim: an ice statue (unaware, hasn't noticed you) Attack!
The ice statue gestures at you. The shard of ice hits you!!
The ice statue gestures at you. The freezing blast misses you.
You are engulfed in freezing vapours.
You feel threatened and lose the ability to read scrolls!
The ice statue gestures at you. The shard of ice misses you.
The ice beast closely misses you.
Marking area around an ice statue as unsafe for travelling.
You see here an arrow.
You swap places.
You are engulfed in freezing vapours.
* * * LOW HITPOINT WARNING * * *
A shower of butterflies erupts from you!
The ice beast hits your entropy weaver simulacrum but does no damage.
Your entropy weaver simulacrum hits the ice beast.
Your entropy weaver simulacrum freezes the ice beast.
The ice beast completely resists.
Your entropy weaver simulacrum hits the ice beast but does no damage.
Your entropy weaver simulacrum hits the ice beast!
Your entropy weaver simulacrum freezes the ice beast.
The ice beast completely resists.
Your entropy weaver simulacrum barely misses the ice beast.
You see here an arrow.
You are engulfed in freezing vapours.
You die...

###### ############# #######
=$?.Z## ##(...8#).)..## ##.....#
).....###..(..°#(b....###......#
.......#...(..°#Zb.....#.......#
|...W..8...((YZ○@.........∩..∩.#
.......#....(b○#Z......#.......#
?.....###..(.bb#b.....###......#
)}$.Z# ##(...8#..)..## ##.....#
###### ############# #######


You could see an ice beast (summoned, ally target), a friendly elephant
simulacrum (summoned), a friendly cane toad simulacrum (summoned) and a friendly
entropy weaver simulacrum (summoned).

Vanquished Creatures
  Harold (D:7)
  2 hydras
  A boulder beetle (D:11)
  2 catoblepae (D:10)
  3 two-headed ogres
  Pikel (D:8)
  An ugly thing (IceCv)
  2 cyclopes
  A manticore (D:10)
  A moth of wrath (D:11)
  6 elephants (Lair:2)
  2 black mambas (Lair:1)
  Joseph (D:7)
  Maggie (D:7)
  Psyche (D:8)
  3 cane toads (Lair:1)
  A rime drake (Lair:2)
  A kobold demonologist (D:8)
  A komodo dragon (Lair:1)
  A troll (D:11)
  2 hornets (D:8)
  4 blink frogs (Lair:4)
  A vampire (D:11)
  14 yaks
  A wraith (D:8)
  2 acid dragons (D:9)
  Duvessa (D:7)
  12 water moccasins
  2 orc warriors
  An ice beast (D:5)
  2 black bears
  3 sky beasts
  An ogre (D:5)
  4 centaurs
  4 wolves (Lair:3)
  A lemure (D:8)
  A phantom (D:5)
  11 kobold brigands
  9 bullfrogs
  2 gnoll sergeants
  5 scorpions
  A wyvern zombie (D:7)
  A cane toad simulacrum (IceCv)
  2 water moccasin zombies
  Dowan (D:7)
  2 elephant simulacra (IceCv)
  9 wights
  6 howler monkeys (D:7)
  2 centaur zombies
  A hound (D:6)
  A jelly (D:5)
  5 orc priests
  An iguana (D:5)
  11 orc wizards
  A polar bear simulacrum (IceCv)
  A wolf simulacrum (IceCv)
  A hound zombie (D:5)
  A hound skeleton (D:4)
  A howler monkey zombie (D:7)
  7 gnolls
  A howler monkey skeleton (D:6)
  3 adders
  A shadow imp (D:7)
  An ufetubus (D:5)
  An adder skeleton (D:4)
  A dart slug (D:3)
  31 orcs
  5 bats
  5 endoplasms
  6 goblins
  4 hobgoblins
  33 kobolds
  2 quokkas
  3 ball pythons
  3 frilled lizards
  6 rats
277 creatures vanquished.

Vanquished Creatures (collateral kills)
  3 kobold brigands (D:8)
3 creatures vanquished.

Vanquished Creatures (others)
  A rime drake (Lair:2)
  A kobold brigand (D:8)
  13 fungi
  17 plants
32 creatures vanquished.

Grand Total: 312 creatures vanquished

Notes
Turn   | Place    | Note
-------+----------+-------------------------------------------
     0 | D:1      | Gabide the Deep Elf Hunter began the quest for the Orb.
     0 | D:1      | Reached XP level 1. HP: 12/12 MP: 3/3
   366 | D:1      | Reached XP level 2. HP: 5/17 MP: 4/4
  1914 | D:2      | Reached skill level 6 in Bows
  1934 | D:2      | Found Hiuf's Antique Weapon Boutique.
  2285 | D:2      | Reached XP level 3. HP: 8/21 MP: 5/5
  2970 | D:2      | Found a faded altar of an unknown god.
  3202 | D:3      | Found a stormy altar of Qazlal.
  3316 | D:3      | Reached XP level 4. HP: 27/27 MP: 6/6
  3947 | D:3      | Found a runed translucent door.
  3948 | D:3      | Noticed Crazy Yiuf
  4116 | D:4      | Found a bloodstained altar of Trog.
  4190 | D:4      | Noticed a scorpion
  4265 | D:4      | Reached skill level 7 in Bows
  4444 | D:4      | Found a basalt altar of Yredelemnul.
  4453 | D:4      | Reached XP level 5. HP: 32/32 MP: 7/7
  4585 | D:4      | Found Temae's Distillery.
  4597 | D:4      | Bought a potion of heal wounds for 65 gold pieces
  4597 | D:4      | Bought a potion of haste for 130 gold pieces
  5199 | D:5      | Entered Level 5 of the Dungeon
  5662 | D:5      | Reached XP level 6. HP: 38/38 MP: 8/8
  5957 | D:5      | Reached skill level 8 in Bows
  6227 | D:5      | Reached XP level 7. HP: 35/44 MP: 6/9
  6330 | D:5      | Reached skill level 9 in Bows
  6594 | D:5      | Reached skill level 5 in Fighting
  7494 | D:6      | Reached skill level 10 in Bows
  7691 | D:6      | Identified the ring "Cire" {rPois rN+ Dex+4}
  7712 | D:6      | Reached XP level 8. HP: 26/51 MP: 7/10
  8563 | D:6      | Found a staircase to the Ecumenical Temple.
  8837 | Temple   | Entered the Ecumenical Temple
  9106 | D:7      | Reached skill level 11 in Bows
  9226 | D:7      | Noticed Maggie
  9245 | D:7      | Killed Maggie
  9480 | D:7      | Reached skill level 12 in Bows
  9480 | D:7      | Reached XP level 9. HP: 57/57 MP: 11/11
  9530 | D:7      | Noticed Joseph
  9556 | D:7      | Killed Joseph
  9863 | D:7      | Noticed Duvessa
  9868 | D:7      | Noticed Dowan
  9869 | D:7      | Killed Duvessa
  9876 | D:7      | Killed Dowan
 10025 | D:7      | Noticed Harold
 10070 | D:7      | Killed Harold
 10071 | D:7      | Reached skill level 13 in Bows
 10502 | D:8      | Noticed Psyche
 10510 | D:8      | Killed Psyche
 10511 | D:8      | Noticed a two-headed ogre
 10519 | D:8      | Killed a two-headed ogre
 10520 | D:8      | Reached skill level 14 in Bows
 10520 | D:8      | Reached XP level 10. HP: 65/65 MP: 12/12
 11114 | D:8      | Noticed Pikel
 11129 | D:8      | Killed Pikel
 11427 | D:8      | Found a shimmering altar of Xom.
 11544 | D:8      | Reached skill level 15 in Bows
 11552 | D:8      | Reached skill level 5 in Dodging
 12141 | D:9      | Noticed a two-headed ogre
 12148 | D:9      | Killed a two-headed ogre
 12375 | D:9      | Noticed a two-headed ogre
 12383 | D:9      | Killed a two-headed ogre
 12384 | D:9      | Reached XP level 11. HP: 72/72 MP: 13/13
 12554 | D:9      | Found a sacrificial altar of Ru.
 12719 | D:8      | Became a worshipper of Xom of Chaos
 12822 | D:9      | XOM: silly message
 12841 | D:9      | XOM: potion effect (brilliance)
 12994 | D:9      | Reached skill level 10 in Fighting
 13107 | D:9      | XOM: silly message
 13235 | D:10     | Entered Level 10 of the Dungeon
 13287 | D:10     | Found a glowing golden altar of the Shining One.
 13333 | D:10     | Found an iron altar of Okawaru.
 13333 | D:10     | Noticed a catoblepas
 13351 | D:10     | XOM: potion effect (haste)
 13353 | D:10     | XOM: divination: detect items
 13358 | D:10     | XOM: cast spell 'Call Canine Familiar'
 13366 | D:10     | XOM: enchant monster (good)
 13375 | D:10     | XOM: potion effect (heal wounds)
 13387 | D:10     | Killed a catoblepas
 13421 | D:10     | Noticed a catoblepas
 13422 | D:10     | XOM: cast spell 'Summon Small Mammal'
 13424 | D:10     | XOM: fake destruction
 13431 | D:10     | XOM: potion effect (haste)
 13450 | D:10     | Killed a catoblepas
 13451 | D:10     | Reached skill level 16 in Bows
 13490 | D:10     | XOM: fog
 13498 | D:10     | XOM: fake destruction
 13583 | D:10     | Found Wurghiwuo's Antique Weapon Boutique.
 14240 | D:11     | Noticed a boulder beetle
 14386 | D:11     | Found a staircase to the Orcish Mines.
 14459 | D:11     | Found a staircase to the Lair.
 14527 | D:11     | XOM: enchant monster (bad)
 14546 | D:11     | Killed a boulder beetle
 14740 | D:11     | XOM: polymorph yak -> moth of wrath
 14891 | D:11     | XOM: divination: detect items
 15016 | D:11     | XOM: summons 2 friendly demons
 15384 | Lair:1   | Entered Level 1 of the Lair of Beasts
 15418 | Lair:1   | Reached skill level 17 in Bows
 15424 | Lair:1   | XOM: silly message
 15437 | Lair:1   | XOM: cast spell 'Olgreb's Toxic Radiance'
 15518 | Lair:1   | XOM: silly message
 15530 | Lair:1   | XOM: potion effect (haste)
 15533 | Lair:1   | Reached XP level 12. HP: 60/80 MP: 9/14
 15806 | Lair:1   | XOM: potion effect (invisibility)
 15956 | Lair:1   | Noticed a seven-headed hydra
 15960 | Lair:1   | XOM: silly message
 15966 | Lair:1   | Killed a seven-headed hydra
 16078 | Lair:1   | Reached skill level 10 in Dodging
 16198 | Lair:1   | XOM: give mutations
 16198 | Lair:1   | Gained mutation: Your flesh is cold resistant. (rC+) [Xom's
                  | grace]
 16198 | Lair:1   | Gained mutation: Your flesh is heat resistant. (rF+) [Xom's
                  | grace]
 16198 | Lair:1   | Gained mutation: You have sharp toenails. [Xom's grace]
 16361 | Lair:1   | XOM: give mutations
 16361 | Lair:1   | Gained mutation: You are weak. (Str -2) [Xom's mischief]
 16361 | Lair:1   | Lost mutation: Your flesh is cold resistant. (rC+) [Xom's
                  | mischief]
 16361 | Lair:1   | Gained mutation: You are very weak. (Str -4) [Xom's
                  | mischief]
 16434 | Lair:1   | Lost mutation: You have sharp toenails. [potion of
                  | mutation]
 16434 | Lair:1   | Lost mutation: You are very weak. (Str -4) [potion of
                  | mutation]
 16435 | Lair:1   | Lost mutation: You are weak. (Str -2) [potion of mutation]
 16435 | Lair:1   | Lost mutation: Your flesh is heat resistant. (rF+) [potion
                  | of mutation]
 16435 | Lair:1   | Gained mutation: You sometimes lose the ability to read
                  | scrolls when taking damage. [potion of mutation]
 16435 | Lair:1   | Gained mutation: You have sharp toenails. [potion of
                  | mutation]
 16435 | Lair:1   | Gained mutation: Your body sometimes deteriorates upon
                  | taking damage. [potion of mutation]
 16435 | Lair:1   | Gained mutation: Your mind is acute. (Int +2) [potion of
                  | mutation]
 16665 | Lair:2   | You fall into a shaft and drop 2 floors!
 16665 | Lair:4   | Noticed an eight-headed hydra
 16689 | Lair:4   | Killed an eight-headed hydra
 16758 | Lair:4   | XOM: scenery: summon butterflies
 16775 | Lair:4   | Noticed a five-headed hydra
 16776 | Lair:4   | XOM: cleaving
 16834 | Lair:3   | XOM: scenery: 1 doors close
 16877 | Lair:2   | XOM: divination: magic mapping
 16917 | Lair:2   | XOM: fog
 16930 | Lair:2   | Reached skill level 18 in Bows
 16994 | Lair:2   | XOM: enchant monster (good)
 17030 | Lair:2   | Found a frozen archway.
 17037 | IceCv    | Entered an ice cave
 17050 | IceCv    | XOM: 3-stop teleportation journey
 17204 | IceCv    | XOM: confusion (+ monsters)
 17499 | IceCv    | XOM: divination: detect items
 17756 | IceCv    | XOM: butterfly on damage
 17757 | IceCv    | Engulfed by an ice statue's freezing vapour

Illustrated notes

Levels and vault maps discovered:
D:1:      dpeg_arrival_signposts, layout_basic, serial_forest,
          infiniplex_forest_lined_ring, infiniplex_forest_lined_1,
          infiniplex_forest_lined_2, infiniplex_forest_clump_long,
          infiniplex_forest_clump_diagonal, infiniplex_forest_side_room,
          infiniplex_forest_straight_2, infiniplex_forest_clump_curved,
          infiniplex_forest_lined_3
D:2:      layout_loops_corners, serial_shops, shop_statue, serial_aquarium,
          aquarium_bridge_square [aquarium_subvault_bridge,
          aquarium_subvault_wall, aquarium_subvault_bridge,
          aquarium_subvault_window], aquarium_window_1, aquarium_window_1,
          aquarium_window_1, aquarium_window_1, aquarium_view_2b,
          shapermc_ecumenical_altar_hornbeckon, chequers_serial_rivers_room_b
D:3:      layout_loops_ring, grunt_qazlal_sundering, minmay_misc_feat_chi,
          uniq_crazy_yiuf_cottage
D:4:      layout_loops_ring, lemuel_tele_altar, amcnicky_altar_gilded,
          serial_shops, nicolae_stop_n_shop_1, chequers_garden
D:5:      layout_layer_cave, serial_glass, glass_columns_c, glass_columns_a
D:6:      nicolae_cairo_tiling, layout_basic, minmay_temple_entry_mist,
          kennysheep_generic_room_13
D:7:      layout_loops_ring, uniq_maggie, uniq_joseph, uniq_duvessa, uniq_harold
D:8:      layout_basic, xom_teletrap_fun, special_room [special_room_kobold],
          uniq_pikel, uniq_psyche
D:9:      layout_cross, mainiacjoe_overflow_cross_hatched,
          minmay_misc_feat_four_crosses, minmay_misc_feat_rugged
D:10:     layout_cave_pools, overflow_temple_1_default,
          mainiacjoe_overflow_catwalk, serial_shops, nicolae_square_shop
D:11:     layout_stronghold, due_lair_maze_entry_diamond
Temple:   regret_index_temple_generic_petals
Lair:1:   layout_gridlike, grunt_megastairs_2
Lair:2:   layout_hall_layers, portal_ice_cave_rime,
          nicolae_lair_grove_arrangements
Lair:3:   layout_regular_city, elwin_shoals_entry_rooms, grunt_megastairs_3,
          infiniplex_staircase_pool_2, lemuel_fruit_tree, uniq_snorg
Lair:4:   layout_small_grid, minmay_snake_entry_spellcaster, lemuel_fruit_fields
IceCv:    ice_cave_statue_garden_chambered

Skill      XL: |  1  2  3  4  5  6  7  8  9 10 11 12 |
---------------+-------------------------------------+-----
Fighting       | 2 3 4 5 7 8 9 11 | 11.8
Bows           | 6 7 8 10 12 14 15 17 18 | 18.3
Dodging        | 6 9 11 | 11.4
Stealth        | |  1.2

Action                   |  1- 3 |  4- 6 |  7- 9 | 10-12 || total
-------------------------+-------+-------+-------+-------++-------
Melee: Short sword       |    96 |    10 |       |       ||   106
       Dagger            |       |    21 |       |     5 ||    26
       Shortbow          |       |     6 |       |       ||     6
 Fire: Shortbow          |    31 |    74 |   250 |   855 ||  1210
       Hunting sling     |     9 |    80 |    58 |    33 ||   180
Throw: Throwing net      |       |       |       |     1 ||     1
Evoke: Wand              |       |     4 |       |    25 ||    29
  Use: Potion            |     4 |     2 |     5 |     4 ||    15
       Scroll            |       |     5 |     5 |    10 ||    20
 Stab: Sleeping          |     1 |       |       |       ||     1
Armor: Leather armour    |    29 |    30 |    22 |       ||    81
       Skin              |     6 |    21 |       |       ||    27
       Acid dragon scale |       |       |     2 |    95 ||    97
Dodge: Dodged            |    62 |    78 |    51 |   209 ||   400
